[ PARTIDA AOE2 · #475154201 ]
1v1 RMFrancos vs Khitans
Equipo del jugador · DERR
Equipo rival · VICT
[ ANÁLISIS DE REPETICIÓN · EXTRAÍDO DE LA PARTIDA GRABADA ]
Feudal
11:46
Castillos
17:33
Imperial
40:18
| APM promedio | 32.3 |
| APM pico | 84 |
| eAPM promedio | 16.8 |
| Aldeanos / militares | 145 / 181 |
Foco
⚔️ 29.3% · 🌾 70.7%
Militia ×100 · Knight ×38 · Spearman ×31 · Trebuchet (Packed) ×5 · Monk ×4 · Mangonel ×2
Feudal
9:54
Castillos
18:48
Imperial
35:39
| APM promedio | 18.7 |
| APM pico | 41 |
| eAPM promedio | 12.0 |
| Aldeanos / militares | 107 / 116 |
Foco
⚔️ 36.7% · 🌾 63.3%
Spearman ×78 · Unknown (1920) ×56 · Trebuchet (Packed) ×12 · Monk ×10 · Cavalry Archer ×6 · Camel Scout ×5
Mapa de la partida
Recursos iniciales + cada clic de construcción. Líneas = muros · curvas = relieve. ◆ oro · ⬟ piedra · ● bayas · ✦ reliquia · ◌ hueco del cierre
Tu base· Abierta — hueco de 5t
Base de Langfinger· ✓ Cerrada en 18:48 · 49t muro · sin puerta
Terreno inicial suavizado · ◌ = hueco del cierre detectado · pasá el cursor para detalles
Inputs por minuto
— isaias.vilches - - Langfinger
Build order — isaias.vilches
Primeras 150 de 409 acciones detectadas
| 0:01 | Crear | Villager (Male) |
| 0:01 | Crear | Villager (Male) |
| 0:01 | Crear | Villager (Male) |
| 0:02 | Crear | Villager (Male) |
| 0:03 | Construir | House |
| 0:05 | Construir | House |
| 1:11 | Investigar | Loom |
| 1:31 | Crear | Villager (Male) |
| 1:31 | Crear | Villager (Male) |
| 2:14 | Crear | Villager (Male) |
| 2:15 | Crear | Villager (Male) |
| 2:15 | Crear | Villager (Male) |
| 2:17 | Crear | Villager (Male) |
| 2:18 | Crear | Villager (Male) |
| 2:26 | Construir | Lumber Camp |
| 3:00 | Crear | Villager (Male) |
| 3:00 | Crear | Villager (Male) |
| 3:15 | Crear | Villager (Male) |
| 3:15 | Crear | Villager (Male) |
| 3:15 | Crear | Villager (Male) |
| 3:46 | Crear | Villager (Male) |
| 3:53 | Construir | Mill |
| 4:02 | Construir | Mill |
| 4:05 | Crear | Villager (Male) |
| 4:05 | Crear | Villager (Male) |
| 4:26 | Construir | House |
| 4:32 | Crear | Villager (Male) |
| 5:08 | Crear | Villager (Male) |
| 5:08 | Crear | Villager (Male) |
| 5:43 | Crear | Villager (Male) |
| 5:44 | Crear | Villager (Male) |
| 5:44 | Crear | Villager (Male) |
| 5:44 | Crear | Villager (Male) |
| 5:44 | Crear | Villager (Male) |
| 6:10 | Construir | House |
| 6:14 | Crear | Villager (Male) |
| 6:14 | Crear | Villager (Male) |
| 6:51 | Crear | Villager (Male) |
| 6:52 | Crear | Villager (Male) |
| 7:07 | Crear | Villager (Male) |
| 7:08 | Crear | Villager (Male) |
| 7:08 | Crear | Villager (Male) |
| 7:09 | Crear | Villager (Male) |
| 7:09 | Crear | Villager (Male) |
| 8:23 | Crear | Villager (Male) |
| 8:27 | Construir | House |
| 9:34 | Investigar | Feudal Age |
| 9:34 | Investigar | Feudal Age |
| 9:40 | Construir | House |
| 10:04 | Construir | Palisade Wall |
| 10:20 | Construir | Palisade Wall |
| 10:21 | Construir | Palisade Gate |
| 10:51 | Construir | House |
| 10:59 | Construir | Mining Camp |
| 11:30 | Construir | House |
| 11:33 | Construir | Palisade Wall |
| 11:41 | Construir | Palisade Wall |
| 11:46 | Edad | Edad Feudal |
| 12:05 | Construir | Blacksmith |
| 12:16 | Construir | Farm |
| 12:17 | Construir | Farm |
| 12:17 | Construir | Farm |
| 12:23 | Crear | Villager (Male) |
| 12:23 | Crear | Villager (Male) |
| 12:23 | Crear | Villager (Male) |
| 12:25 | Crear | Villager (Male) |
| 12:48 | Construir | Lumber Camp |
| 13:10 | Construir | Market |
| 13:17 | Construir | Farm |
| 13:32 | Construir | House |
| 14:08 | Construir | Farm |
| 14:08 | Construir | Farm |
| 14:15 | Construir | Farm |
| 14:26 | Construir | Farm |
| 14:53 | Investigar | Castle Age |
| 14:53 | Investigar | Castle Age |
| 15:04 | Construir | Palisade Wall |
| 15:17 | Construir | Farm |
| 15:20 | Construir | Farm |
| 15:23 | Construir | Farm |
| 15:31 | Construir | Palisade Wall |
| 15:44 | Investigar | Double-Bit Axe |
| 16:34 | Construir | Barracks |
| 16:41 | Crear | Villager (Male) |
| 16:41 | Crear | Villager (Male) |
| 16:42 | Crear | Villager (Male) |
| 16:52 | Crear | Villager (Male) |
| 16:52 | Crear | Villager (Male) |
| 17:24 | Crear | Villager (Male) |
| 17:33 | Edad | Edad de los Castillos |
| 17:34 | Construir | Stable |
| 18:07 | Crear | Villager (Male) |
| 18:13 | Construir | Town Center |
| 18:20 | Crear | Knight |
| 18:28 | Construir | Farm |
| 18:29 | Construir | Farm |
| 18:40 | Crear | Knight |
| 18:47 | Crear | Villager (Male) |
| 19:05 | Construir | Outpost |
| 19:09 | Construir | Farm |
| 19:14 | Crear | Villager (Male) |
| 19:18 | Crear | Knight |
| 19:25 | Construir | Stable |
| 19:42 | Construir | Palisade Gate |
| 19:44 | Crear | Villager (Male) |
| 19:44 | Crear | Villager (Male) |
| 19:59 | Construir | Palisade Wall |
| 20:01 | Crear | Villager (Male) |
| 20:02 | Crear | Villager (Male) |
| 20:03 | Crear | Villager (Male) |
| 20:03 | Crear | Villager (Male) |
| 20:09 | Investigar | Bow Saw |
| 20:12 | Crear | Knight |
| 20:25 | Crear | Villager (Male) |
| 20:28 | Crear | Knight |
| 20:35 | Crear | Scout Cavalry |
| 20:44 | Construir | Farm |
| 20:47 | Construir | Farm |
| 20:50 | Crear | Villager (Male) |
| 20:58 | Crear | Knight |
| 21:01 | Crear | Knight |
| 21:12 | Construir | Outpost |
| 21:35 | Investigar | Forging |
| 21:40 | Construir | Farm |
| 21:54 | Crear | Villager (Male) |
| 21:55 | Crear | Villager (Male) |
| 22:18 | Construir | Outpost |
| 22:40 | Crear | Villager (Male) |
| 22:40 | Crear | Villager (Male) |
| 22:40 | Crear | Villager (Male) |
| 22:46 | Crear | Villager (Male) |
| 22:47 | Crear | Villager (Male) |
| 23:03 | Crear | Spearman |
| 23:04 | Crear | Spearman |
| 23:09 | Construir | Barracks |
| 23:20 | Crear | Villager (Male) |
| 23:25 | Construir | House |
| 23:27 | Construir | House |
| 23:28 | Construir | House |
| 23:29 | Construir | House |
| 23:39 | Construir | House |
| 23:40 | Construir | House |
| 23:41 | Construir | House |
| 23:45 | Investigar | Gold Mining |
| 23:49 | Crear | Villager (Male) |
| 23:50 | Crear | Villager (Male) |
| 23:59 | Crear | Spearman |
| 23:59 | Crear | Spearman |
| 24:21 | Investigar | Pikeman (upgrade) |
| 24:25 | Crear | Spearman |
Build order — Langfinger
Primeras 150 de 348 acciones detectadas
| 0:04 | Crear | Villager (Male) |
| 0:04 | Crear | Villager (Male) |
| 0:04 | Crear | Villager (Male) |
| 0:05 | Crear | Villager (Male) |
| 0:06 | Construir | House |
| 0:09 | Construir | House |
| 0:10 | Construir | House |
| 0:45 | Construir | Lumber Camp |
| 1:41 | Crear | Villager (Male) |
| 2:08 | Crear | Villager (Male) |
| 2:22 | Crear | Villager (Male) |
| 3:00 | Investigar | Loom |
| 3:26 | Crear | Villager (Male) |
| 3:48 | Crear | Villager (Male) |
| 3:50 | Crear | Villager (Male) |
| 4:18 | Crear | Villager (Male) |
| 4:41 | Crear | Villager (Male) |
| 4:42 | Crear | Villager (Male) |
| 5:08 | Construir | Mill |
| 6:09 | Crear | Villager (Male) |
| 6:11 | Crear | Villager (Male) |
| 6:12 | Crear | Villager (Male) |
| 6:35 | Construir | House |
| 6:41 | Construir | House |
| 7:17 | Construir | Palisade Wall |
| 7:44 | Investigar | Feudal Age |
| 8:09 | Construir | Barracks |
| 9:38 | Construir | Mining Camp |
| 9:42 | Construir | House |
| 9:46 | Construir | House |
| 9:52 | Construir | House |
| 9:54 | Edad | Edad Feudal |
| 9:59 | Crear | Villager (Male) |
| 10:00 | Crear | Villager (Male) |
| 11:00 | Construir | Market |
| 11:13 | Crear | Villager (Male) |
| 11:13 | Crear | Villager (Male) |
| 11:16 | Construir | Pasture |
| 11:55 | Construir | Stable |
| 11:58 | Crear | Villager (Male) |
| 11:59 | Crear | Villager (Male) |
| 12:32 | Construir | Pasture |
| 12:45 | Crear | Villager (Male) |
| 12:45 | Crear | Villager (Male) |
| 13:02 | Construir | Pasture |
| 13:21 | Construir | Palisade Wall |
| 13:30 | Crear | Villager (Male) |
| 13:39 | Construir | Pasture |
| 13:42 | Crear | Villager (Male) |
| 14:07 | Crear | Villager (Male) |
| 14:20 | Construir | Palisade Wall |
| 14:28 | Construir | Pasture |
| 14:32 | Crear | Villager (Male) |
| 14:37 | Construir | Pasture |
| 15:08 | Construir | Pasture |
| 15:27 | Construir | Pasture |
| 15:49 | Construir | Pasture |
| 16:08 | Investigar | Castle Age |
| 16:46 | Construir | House |
| 17:20 | Construir | Archery Range |
| 17:26 | Construir | House |
| 17:27 | Construir | House |
| 17:29 | Construir | House |
| 17:33 | Investigar | Double-Bit Axe |
| 17:35 | Crear | Villager (Male) |
| 18:09 | Construir | Palisade Wall |
| 18:16 | Construir | Palisade Wall |
| 18:37 | Construir | Blacksmith |
| 18:48 | Edad | Edad de los Castillos |
| 19:04 | Crear | Camel Scout |
| 19:05 | Crear | Camel Scout |
| 19:06 | Crear | Camel Scout |
| 19:32 | Construir | Town Center |
| 19:34 | Crear | Villager (Male) |
| 19:34 | Crear | Villager (Male) |
| 19:48 | Investigar | Forging |
| 19:51 | Crear | Villager (Male) |
| 19:53 | Investigar | Wheelbarrow |
| 20:00 | Construir | Outpost |
| 20:08 | Construir | Outpost |
| 20:10 | Crear | Villager (Male) |
| 20:20 | Investigar | Tech 1014 |
| 20:23 | Crear | Villager (Male) |
| 20:27 | Crear | Camel Scout |
| 20:28 | Crear | Camel Scout |
| 20:34 | Investigar | Scale Barding Armor |
| 20:50 | Construir | Mining Camp |
| 20:52 | Crear | Villager (Male) |
| 20:53 | Crear | Villager (Male) |
| 21:25 | Crear | Cavalry Archer |
| 21:25 | Crear | Cavalry Archer |
| 21:26 | Crear | Cavalry Archer |
| 21:26 | Crear | Cavalry Archer |
| 21:53 | Construir | Pasture |
| 22:07 | Construir | Outpost |
| 22:33 | Crear | Villager (Male) |
| 22:33 | Crear | Villager (Male) |
| 22:33 | Crear | Villager (Male) |
| 22:34 | Crear | Villager (Male) |
| 22:48 | Investigar | Chain Barding Armor |
| 23:05 | Crear | Villager (Male) |
| 23:05 | Crear | Villager (Male) |
| 23:05 | Crear | Villager (Male) |
| 23:35 | Crear | Villager (Male) |
| 23:35 | Crear | Villager (Male) |
| 23:36 | Crear | Villager (Male) |
| 23:36 | Crear | Villager (Male) |
| 23:43 | Construir | Pasture |
| 23:52 | Crear | Cavalry Archer |
| 23:52 | Crear | Cavalry Archer |
| 24:10 | Crear | Villager (Male) |
| 24:10 | Crear | Villager (Male) |
| 24:11 | Crear | Villager (Male) |
| 24:16 | Construir | Pasture |
| 24:44 | Crear | Villager (Male) |
| 24:44 | Crear | Villager (Male) |
| 24:55 | Construir | Pasture |
| 24:56 | Construir | Pasture |
| 25:20 | Investigar | Iron Casting |
| 25:40 | Construir | Monastery |
| 25:49 | Construir | Pasture |
| 25:58 | Investigar | Fletching |
| 26:00 | Crear | Villager (Male) |
| 26:01 | Crear | Villager (Male) |
| 26:38 | Construir | House |
| 26:40 | Construir | House |
| 26:41 | Construir | House |
| 27:03 | Construir | Castle |
| 27:09 | Crear | Villager (Male) |
| 27:10 | Crear | Villager (Male) |
| 27:15 | Crear | Spearman |
| 27:15 | Crear | Spearman |
| 27:15 | Crear | Spearman |
| 27:22 | Crear | Monk |
| 27:22 | Crear | Monk |
| 27:23 | Crear | Monk |
| 27:33 | Construir | House |
| 27:35 | Construir | House |
| 27:39 | Construir | House |
| 27:47 | Construir | House |
| 27:48 | Construir | House |
| 27:52 | Crear | Villager (Male) |
| 27:52 | Crear | Villager (Male) |
| 27:53 | Crear | Villager (Male) |
| 27:53 | Crear | Villager (Male) |
| 28:04 | Investigar | Pikeman (upgrade) |
| 28:26 | Crear | Unit 1920 |
| 28:27 | Crear | Unit 1920 |
| 28:51 | Construir | House |
| 28:53 | Construir | House |
Cronología de la partida
| 7:17 | Langfinger · wall_segment Palisade Wall x8 |
| 8:09 | Langfinger · first_building Barracks |
| 9:54 | Langfinger · age_up feudal |
| 10:04 | isaias.vilches · wall_segment Palisade Wall x12 |
| 10:20 | isaias.vilches · wall_segment Palisade Wall x8 |
| 11:33 | isaias.vilches · wall_segment Palisade Wall x6 |
| 11:41 | isaias.vilches · wall_segment Palisade Wall x12 |
| 11:46 | isaias.vilches · age_up feudal |
| 11:55 | Langfinger · first_building Stable |
| 13:21 | Langfinger · wall_segment Palisade Wall x4 |
| 14:20 | Langfinger · wall_segment Palisade Wall x14 |
| 14:38 | isaias.vilches · first_market_sell 100 stone |
| 14:39 | isaias.vilches · first_market_buy 100 food |
| 15:04 | isaias.vilches · wall_segment Palisade Wall x7 |
| 15:31 | isaias.vilches · wall_segment Palisade Wall x8 |
| 15:56 | Langfinger · first_market_buy 100 food |
| 16:34 | isaias.vilches · first_building Barracks |
| 17:20 | Langfinger · first_building Archery Range |
| 17:33 | isaias.vilches · age_up castle |
| 17:34 | isaias.vilches · first_building Stable |
| 18:09 | Langfinger · wall_segment Palisade Wall x15 |
| 18:16 | Langfinger · wall_segment Palisade Wall x8 |
| 18:48 | Langfinger · age_up castle |
| 19:59 | isaias.vilches · wall_segment Palisade Wall x9 |
| 24:35 | isaias.vilches · first_building Monastery |
| 25:40 | Langfinger · first_building Monastery |
| 25:48 | isaias.vilches · first_building Siege Workshop |
| 26:12 | Langfinger · first_market_sell 100 wood |
| 27:03 | Langfinger · first_building Castle |
| 30:04 | isaias.vilches · first_building Castle |
| 33:13 | isaias.vilches · wall_segment Stone Wall x18 |
| 35:39 | Langfinger · age_up imperial |
| 40:18 | isaias.vilches · age_up imperial |
| 55:50 | isaias.vilches · resign |
[ ANÁLISIS IA · 1 CRÉDITO ]
¿Qué pasó realmente en esta partida?
Wolo.gg analiza cada decisión: build order, eco, micro, errores típicos por bracket. Análisis personalizado por WhatsApp o Discord en 30 segundos.
Guía civ
Francos
Guía mapa
Arabia
Perfil
Jugador #396968